AoeStats
← _Orca_

MegaRandom

508959314Analyzed
4v4 RM · 6d ago on Sep 24, 2026· 21m 37s· 8 players
Game mode
Random Map
Map size
Large (8 player)
Population
200
Speed
Normal
Resources
Standard
Victory
Conquest
Starting age
Dark Age
Ending age
Imperial Age
RankedLock teamsTeams togetherTeam positionsShared explorationLock speedFull tech treeHidden civsTurbo modeCheats
Victory
Defeat
🇧🇩 Saracens · Bangladesh
1406
+17
🇨🇦 Varangians · Canada
1397
+18
🇮🇳 Magyars · India
1378
+18
🇵🇹 Saxons · Portugal
1337
+20
🇺🇸 Portuguese · United States
1650
-27
🇹🇷 Danes · Türkiye
1493
-21
🇱🇧 Mongols · Lebanon
1385
-16
🇺🇸 Tatars · United States
1184
-25
CaptainQS
10:37 Feudal Age
9:01 Loom
14:21 Bloodlines
16:42 Forging
18:27 Scale Barding Armor
18:53 Horse Collar
Dark_Shelly
6:08 Loom
9:18 Feudal Age
10:01 Double-Bit Axe
19:51 Scale Barding Armor
21:42 Wheelbarrow
_Orca_
5:52 Loom
6:55 Loom
9:40 Feudal Age
Ora Viva
6:33 Loom
8:52 Feudal Age
13:30 Fletching
17:38 Padded Archer Armor
23:38 Castle Age
letshavefun
6:32 Loom
9:16 Feudal Age
10:07 Double-Bit Axe
12:20 Fletching
Chris
7:05 Loom
9:41 Feudal Age
10:10 Town Watch
10:26 Double-Bit Axe
17:28 Scale Barding Armor
18:36 Forging
Katnip
7:05 Loom
8:57 Feudal Age
9:56 Double-Bit Axe
10:52 Horse Collar
15:54 Scale Barding Armor
22:16 Castle Age
LonzoWall
7:20 Loom
9:27 Feudal Age
9:31 Man-at-Arms
12:33 Double-Bit Axe
15:27 Fletching
20:02 Gold Mining
21:04 Padded Archer Armor
Connection lost

Rejoining the realm…

Still unreachable

The connection could not be restored.

Session expired

The server has moved on; the page needs a fresh start.